Map: [ESL] Hecate

Players

Serral - Winner!

  • Race: Zerg Zerg
  • Spawn Location: 7:00

Maru

  • Race: Terran Terran
  • Spawn Location: 1:00

Event: IEM Katowice 2024

VOD

Have the link to the VOD?

Description

Time

  • Played on: Feb. 11, 2024, 1 p.m.
  • Length: 18:04

All games in this series

Show
View Real Time Build Order
Export as new Build Order

Serral Zerg - Winner!

Build Orders: Hatch First 

Get SALT Encoding   

  12  0:00  Drone  
  13  0:08  Drone  
  14  0:15  Extractor  
  14  0:16  Drone  
  15  0:36  Hatchery  
  15  0:41  Extractor  
  15  0:42  Drone  
  14  0:48  Overlord  
  15  1:02  Spawning Pool  
  14  1:06  Drone  
  14  1:09  Drone  
  16  1:13  Drone  
  16  1:17  Drone  
  18  1:28  Extractor, Drone  
  18  1:38  Drone  
  19  1:49  Queen x2  
  19  1:50  Zergling x2  
  19  1:51  Drone  
  25  1:59  Drone, Overlord  
  26  2:10  Drone x2  
  28  2:21  Drone x2  
  29  2:24  Queen  
  29  2:27  Queen  
  33  2:32  Drone  
  33  2:35  Overlord  
  34  2:41  Drone  
  34  2:43  Overlord  
  35  2:53  Drone x2  
  35  2:58  Drone x5  
  42  3:03  Drone  
  43  3:08  Lair  
  43  3:11  Drone x2  
  45  3:16  Roach Warren  
  45  3:19  Extractor  
  43  3:21  Drone x2  
  43  3:23  Extractor  
  44  3:28  Drone x3  
  44  3:30  Drone x2  
  44  3:32  Drone  
  50  3:36  Overlord  
  50  3:47  Hatchery  
  49  3:49  Overlord  
  49  3:51  Pneumatized Carapace  
  49  3:56  Roach  
  49  3:57  Roach  
  49  4:01  Overlord  
  53  4:04  Roach  
  53  4:05  Roach  
  53  4:06  Overseer  
  57  4:11  Roach x2  
  57  4:16  Overlord  
  63  4:17  Roach  
  63  4:21  Roach  
  63  4:22  Roach  
  67  4:28  Roach  
  67  4:29  Roach  
  71  4:34  Roach x3  
  77  4:40  Overlord  
  77  4:44  Roach x2  
  81  4:52  Roach  
  83  4:55  Overlord  
  83  4:57  Overlord  
  83  4:58  Queen  
  85  5:02  Ravager  
  85  5:06  Queen  
  88  5:13  Ravager  
  89  5:14  Ravager  
  89  5:16  Drone x8  
  89  5:20  Ravager  
  89  5:21  Drone x3  
  102  5:23  Drone  
  102  5:24  Drone  
  102  5:25  Ravager  
  102  5:26  Ravager  
  102  5:27  Drone  
  101  5:30  Overlord  
  101  5:32  Drone  
  101  5:34  Drone  
  103  5:37  Ravager  
  103  5:38  Drone x3  
  107  5:47  Drone  
  106  5:53  Drone x5  
  106  5:55  Drone  
  106  5:57  Drone  
  106  5:59  Overlord  
  106  6:00  Drone  
  106  6:01  Drone  
  97  6:05  Extractor, Evolution Chamber x2  
  97  6:06  Extractor  
  97  6:07  Extractor  
  97  6:08  Drone x3  
  97  6:09  Drone x2  
  97  6:10  Drone, Overseer  
  94  6:13  Drone  
  94  6:18  Overlord  
  93  6:22  Roach  
  95  6:26  Overseer  
  95  6:28  Metabolic Boost  
  95  6:29  Glial Reconstitution  
  95  6:33  Roach x2  
  95  6:34  Roach x3  
  105  6:40  Zerg Missile Weapons Level 1  
  105  6:42  Overlord x2  
  105  6:45  Zerg Ground Armor Level 1  
  105  6:47  Queen  
  105  6:48  Queen  
  105  6:49  Hatchery  
  108  7:00  Roach x3  
  114  7:02  Overlord x5  
  114  7:04  Overlord  
  114  7:12  Infestation Pit  
  114  7:13  Roach x4  
  121  7:20  Drone x6  
  127  7:24  Overlord  
  127  7:25  Drone x2  
  127  7:29  Overlord  
  129  7:31  Drone x2  
  129  7:35  Drone  
  129  7:36  Baneling Nest  
  131  7:37  Drone  
  131  7:38  Drone, Roach x2  
  137  7:45  Extractor  
  137  7:46  Overlord  
  137  7:50  Roach x5  
  146  7:55  Hive  
  144  8:00  Zergling x6, Roach x2, Ravager  
  147  8:05  Zergling x2  
  147  8:06  Zergling x8, Queen  
  156  8:12  Zergling x4  
  156  8:13  Zergling x2, Ravager  
  156  8:18  Drone  
  156  8:24  Drone x2  
  156  8:26  Centrifugal Hooks  
  159  8:27  Zergling x4  
  159  8:32  Zergling x2  
  161  8:34  Overseer  
  161  8:35  Ravager, Hatchery  
  161  8:36  Zerg Melee Weapons Level 1  
  161  8:38  Zergling x18  
  161  8:41  Zerg Ground Armor Level 2  
  170  8:44  Overlord  
  170  8:54  Zergling x8  
  174  9:08  Viper x2  
  174  9:09  Adrenal Glands  
  180  9:11  Zergling x18, Ultralisk Cavern  
  188  9:17  Zergling x2  
  188  9:18  Zergling x16  
  188  9:21  Baneling x8  
  188  9:22  Baneling x2  
  196  9:24  Overlord  
  196  9:27  Overlord  
  196  9:31  Baneling x14  
  196  9:32  Zergling x6  
  199  9:51  Zergling x4  
  199  10:01  Chitinous Plating  
  199  10:06  Spire  
  199  10:07  Extractor, Spore Crawler  
  197  10:08  Drone  
  197  10:09  Drone x2  
  178  10:30  Zergling x24  
  178  10:31  Zergling x22  
  178  10:34  Zerg Melee Weapons Level 2  
  193  10:38  Ultralisk  
  193  10:42  Ultralisk x2  
  193  10:50  Ultralisk  
  193  10:53  Baneling x11  
  193  10:54  Burrow  
  199  11:03  Hatchery  
  198  11:07  Zerg Ground Armor Level 3  
  198  11:08  Drone  
  199  11:20  Anabolic Synthesis  
  199  11:26  Hatchery  
  199  11:27  Hatchery x2  
  199  11:29  Baneling  
  199  11:30  Baneling x5  
  199  11:31  Zergling x4  
  200  11:34  Greater Spire  
  200  11:44  Baneling x6  
  200  11:45  Baneling x9  
  200  11:46  Overlord  
  200  12:06  Overseer, Baneling x16  
  200  12:12  Zergling x16  
  190  12:26  Zergling x40  
  190  12:27  Zergling x6  
  190  12:29  Zergling x2, Ultralisk  
  187  12:30  Zergling x28  
  187  12:33  Overseer  
  187  12:34  Overseer  
  199  12:49  Corruptor x4  
  199  12:51  Zerg Melee Weapons Level 3, Baneling x2  
  198  12:55  Drone x3  
  200  13:06  Baneling x7  
  200  13:10  Zerg Flyer Weapons Level 1, Spore Crawler  
  200  13:12  Spore Crawler  
  198  13:14  Drone  
  198  13:19  Baneling x9  
  196  13:20  Baneling x2  
  196  13:23  Zergling x2  
  196  13:24  Zergling x4  
  199  13:46  Infestor x3  
  199  13:47  Zergling x16  
  195  13:48  Corruptor x2  
  195  13:54  Baneling  
  195  13:55  Baneling x7  
  199  14:02  Extractor x2  
  197  14:04  Drone  
  197  14:05  Drone  
  197  14:06  Spore Crawler  
  197  14:07  Spore Crawler  
  197  14:12  Overseer x2  
  197  14:13  Drone  
  198  14:18  Zerg Missile Weapons Level 2  
  198  14:19  Drone  
  199  14:24  Hatchery  
  198  14:37  Corruptor  
  189  14:48  Corruptor x3  
  189  14:51  Ultralisk x2  
  189  14:52  Zergling x2  
  185  14:57  Zergling x28  
  182  15:01  Overlord x2  
  182  15:02  Zergling x12  
  186  15:09  Zerg Flyer Weapons Level 2  
  186  15:10  Overlord x2  
  186  15:11  Zergling x18  
  186  15:14  Overlord x2  
  186  15:15  Overseer x2  
  186  15:19  Zergling x4  
  186  15:20  Zergling x24  
  200  15:21  Baneling x7  
  200  15:22  Baneling x4  
  200  15:23  Infestor  
  200  15:37  Hatchery  
  200  15:41  Drone  
  196  16:02  Zergling x26  
  189  16:08  Zergling x8, Ultralisk x2  
  189  16:09  Zergling x24  
  196  16:19  Zergling x8  
  196  16:21  Baneling x18  
  196  16:22  Overseer x2  
  194  16:54  Zergling x26  
  199  17:01  Baneling x12  
  198  17:03  Zergling x2  
  198  17:04  Zergling x2  
  198  17:07  Hatchery  
  197  17:08  Zergling x2  
  197  17:09  Zergling x6  
  193  17:20  Zergling x20, Hatchery  
  198  17:42  Drone  
  199  17:44  Baneling x6  
Show
View Real Time Build Order
Export as new Build Order

Maru Terran 

Build Orders: Reaper Expand, Banshee Rush 

Get SALT Encoding   

  12  0:00  SCV  
  13  0:12  SCV  
  14  0:17  Supply Depot  
  14  0:25  SCV  
  15  0:38  SCV  
  15  0:39  Barracks  
  15  0:42  Refinery  
  16  0:50  SCV  
  17  1:03  SCV  
  18  1:15  SCV  
  19  1:25  Reaper  
  19  1:27  Orbital Command  
  20  1:38  Command Center  
  20  1:45  Supply Depot  
  20  1:52  SCV  
  21  1:57  Marine  
  22  2:04  SCV  
  23  2:09  Factory  
  23  2:14  Refinery  
  23  2:16  SCV  
  23  2:20  Barracks Reactor  
  24  2:28  SCV  
  25  2:40  SCV  
  26  2:49  Orbital Command  
  26  2:53  SCV  
  26  2:55  Starport  
  27  3:03  Hellion x2  
  27  3:05  Barracks Tech Lab, SCV  
  32  3:15  SCV  
  32  3:17  SCV  
  34  3:25  Hellion x2  
  38  3:27  SCV  
  38  3:28  Supply Depot  
  38  3:29  SCV  
  40  3:37  Barracks Tech Lab  
  40  3:38  Banshee, Cloaking Field  
  40  3:39  SCV  
  45  3:41  SCV  
  45  3:52  SCV  
  45  3:53  SCV  
  45  3:54  Supply Depot  
  47  3:57  Stimpack, Marine  
  48  4:04  Command Center, SCV  
  48  4:05  SCV  
  50  4:15  Marine  
  50  4:16  SCV  
  52  4:17  SCV  
  52  4:21  Barracks  
  52  4:23  Banshee  
  52  4:24  Barracks  
  56  4:25  Factory Reactor  
  56  4:28  SCV  
  57  4:33  Marine  
  57  4:35  Supply Depot  
  58  4:41  SCV  
  58  4:43  Engineering Bay  
  58  4:44  SCV, Engineering Bay  
  60  4:50  Marine  
  61  4:53  SCV  
  61  4:56  SCV  
  63  5:05  Bunker x2, SCV  
  64  5:08  SCV, Marine  
  64  5:13  Marine x2  
  68  5:17  SCV  
  68  5:20  SCV  
  67  5:22  Siege Tank  
  67  5:26  Marine  
  67  5:27  Marine x2, Medivac  
  75  5:30  Marine, SCV  
  75  5:32  SCV  
  75  5:34  Refinery  
  78  5:40  Combat Shield  
  78  5:42  Supply Depot  
  78  5:43  Supply Depot  
  72  5:53  SCV x2, Marine  
  72  5:55  Marine x2  
  72  5:56  Marine  
  57  6:05  Terran Infantry Weapons Level 1, SCV x2  
  57  6:06  Terran Infantry Armor Level 1  
  57  6:11  Starport Reactor, Marine x2  
  60  6:13  Marine x2  
  60  6:17  SCV x2  
  65  6:21  Orbital Command  
  65  6:26  Marine  
  65  6:29  SCV x2, Marine x2  
  65  6:30  Siege Tank  
  73  6:34  Supply Depot  
  73  6:41  SCV  
  73  6:42  SCV  
  73  6:43  Barracks  
  73  6:44  Barracks  
  72  6:47  Marine x2  
  72  6:49  Medivac  
  72  6:53  Orbital Command  
  72  6:54  SCV x2  
  78  6:55  Marine x2  
  78  6:59  Refinery  
  80  7:02  Medivac  
  80  7:03  Supply Depot  
  80  7:06  Siege Tank, SCV  
  83  7:09  Marine x2  
  83  7:11  SCV  
  84  7:16  Marine x3  
  84  7:18  SCV  
  84  7:19  SCV  
  89  7:23  SCV  
  90  7:30  SCV  
  90  7:31  Barracks Tech Lab  
  90  7:32  Barracks Reactor, Marine x2  
  90  7:33  Marine  
  90  7:34  SCV  
  95  7:38  Marine, Medivac  
  95  7:39  Armory, Marine  
  95  7:42  SCV  
  100  7:49  SCV  
  101  7:53  Supply Depot  
  101  7:55  Supply Depot  
  101  7:57  Marine x2  
  101  7:59  Marine, SCV x2  
  101  8:00  Marine  
  101  8:01  SCV  
  101  8:05  Supply Depot  
  101  8:06  Command Center  
  101  8:12  Marine  
  101  8:13  Marine  
  101  8:14  Siege Tank, Marine x2  
  101  8:15  Marine x2  
  101  8:17  SCV  
  101  8:19  Medivac x2  
  111  8:24  SCV x2  
  113  8:28  Terran Vehicle Weapons Level 1  
  113  8:29  Supply Depot  
  113  8:30  SCV  
  113  8:31  Refinery x2  
  113  8:32  Marauder  
  116  8:39  Marine x4  
  116  8:41  Terran Infantry Weapons Level 2, Missile Turret  
  120  8:42  SCV x3  
  123  8:53  Siege Tank  
  123  8:54  SCV  
  123  8:55  Marauder, Marine  
  130  8:57  SCV x2  
  130  9:00  Supply Depot  
  131  9:06  SCV  
  131  9:07  Factory  
  131  9:08  Supply Depot  
  132  9:10  Supply Depot  
  132  9:13  Marine  
  133  9:17  Marine  
  133  9:18  Marauder x2  
  133  9:21  SCV  
  139  9:29  Marine  
  140  9:32  Siege Tank  
  140  9:37  SCV x2  
  140  9:38  Command Center  
  145  9:39  Marauder  
  145  9:40  SCV  
  145  9:42  Sensor Tower  
  148  9:49  SCV x2  
  148  9:51  Terran Infantry Armor Level 2  
  150  9:52  SCV  
  150  9:55  Factory Tech Lab  
  150  9:58  Factory Reactor  
  150  10:01  SCV x2  
  150  10:06  Marine  
  155  10:07  Concussive Shells, Marauder  
  155  10:11  SCV  
  155  10:13  Missile Turret  
  155  10:14  Missile Turret  
  155  10:16  SCV x2  
  155  10:18  Marine  
  155  10:19  Marauder  
  157  10:23  Marine x2  
  157  10:25  Marine x2  
  138  10:28  Marauder  
  138  10:34  Orbital Command  
  130  10:35  Planetary Fortress  
  130  10:38  SCV x2  
  130  10:40  Marauder  
  128  10:47  Siege Tank, Widow Mine x2  
  137  10:50  SCV, Marauder  
  137  10:51  Ghost Academy  
  138  10:59  Drilling Claws  
  138  11:04  SCV  
  138  11:08  SCV, Widow Mine  
  138  11:09  Widow Mine  
  144  11:14  SCV  
  144  11:16  SCV  
  144  11:18  Marauder, Marine x3  
  150  11:19  Widow Mine  
  150  11:20  Sensor Tower  
  150  11:23  SCV  
  150  11:25  Barracks x3  
  153  11:29  SCV x2  
  153  11:30  Widow Mine x2  
  154  11:34  Viking x2  
  154  11:35  SCV  
  154  11:38  Missile Turret, Refinery  
  159  11:40  Widow Mine  
  159  11:43  Orbital Command  
  161  11:49  Ghost  
  161  11:50  Personal Cloaking, Ghost  
  161  11:51  Widow Mine x2  
  161  11:52  Terran Vehicle And Ship Armor Level 1  
  169  11:55  SCV x3  
  172  12:02  Widow Mine  
  172  12:04  Terran Infantry Weapons Level 3  
  172  12:07  SCV  
  173  12:10  Viking  
  173  12:11  Viking  
  173  12:12  Marine  
  173  12:13  Orbital Command, Widow Mine  
  172  12:15  Supply Depot  
  171  12:25  Ghost  
  158  12:32  Ghost  
  158  12:36  SCV  
  161  12:39  SCV  
  161  12:42  Siege Tank, Widow Mine x2  
  161  12:43  SCV  
  164  12:56  Liberator x2  
  164  12:58  Marine x2  
  170  12:59  Barracks Tech Lab x2  
  170  13:01  Command Center  
  170  13:05  Supply Depot  
  172  13:07  Refinery  
  172  13:11  Sensor Tower, Barracks Tech Lab  
  172  13:20  Missile Turret  
  172  13:23  Command Center  
  172  13:26  Siege Tank, Marine  
  172  13:27  Widow Mine x2  
  180  13:35  Ghost  
  180  13:43  Ghost  
  180  13:44  Ghost  
  180  13:51  Missile Turret  
  180  13:54  Supply Depot  
  180  14:09  Ghost x2  
  180  14:10  Widow Mine x2  
  180  14:12  Ghost  
  180  14:16  Command Center, Ghost  
  192  14:17  Starport  
  192  14:18  Starport  
  192  14:20  Command Center, Ghost  
  194  14:31  Missile Turret  
  194  14:35  Widow Mine x2  
  194  14:38  Ghost x2  
  196  14:45  Orbital Command  
  145  14:57  Ghost x2  
  119  15:01  SCV  
  119  15:02  SCV x2  
  119  15:03  Marauder, Marine  
  123  15:07  Marauder x2  
  123  15:09  Widow Mine  
  129  15:16  Marine x4  
  129  15:17  Widow Mine  
  135  15:22  SCV x2  
  135  15:23  Ghost  
  135  15:24  Widow Mine  
  135  15:26  SCV x2  
  143  15:31  Widow Mine  
  143  15:32  Marauder  
  143  15:34  SCV  
  148  15:40  Marine x2  
  148  15:41  Marauder  
  152  15:47  Marine x2  
  152  15:48  Marauder x2  
  156  15:54  Widow Mine x2  
  156  15:57  Marine x2  
  156  15:58  Marauder x2  
  152  16:07  Marauder, Marine x2  
  152  16:09  Marauder, Marine x2  
  145  16:18  Marauder, Marine  
  148  16:19  Marauder  
  150  16:26  Marauder, Marine  
  150  16:31  Orbital Command  
  153  16:43  Widow Mine x2  
  153  16:46  Marine x3  
  159  16:47  Marauder x2  
  159  16:51  Marine x2  
  147  16:59  Widow Mine  
  135  17:05  Widow Mine  
  135  17:06  Marine x3  
  127  17:24  Orbital Command  
  127  17:26  Widow Mine  
  127  17:27  Widow Mine x2  
  127  17:28  Marine  
  127  17:29  Marine  
  133  17:42  Marine  

Tags
 
Add a new tag
Caveats
  • Supply blocks, unpowered buildings, or Contaminate may cause inaccurate times.
  • Supply counts are checked every 10 seconds.